 Dungeon Crawl Stone Soup version 0.29.0-4-gdea44cf6ec (webtiles) character file.

Game seed: 9905235082365548366

121 qw the Chopper (level 4, 0/35 HPs)
             Began as a Demonspawn Cinder Acolyte on Sept 8, 2022.
             Was an Elder of Ignis.
             Slain by a gnoll
             ... wielding a +0 halberd
              (1 damage)
             ... on level 2 of the Dungeon.
             The game lasted 00:00:37 (2259 turns).

qw the Chopper (Demonspawn Cinder Acolyte)          Turns: 2259, Time: 00:00:37

Health: 0/35       AC: 10    Str: 16    XL:     4   Next: 76%
Magic:  5/5        EV: 11    Int: 16    God:    Ignis [****..]
Gold:   79         SH:  4    Dex: 10    Spells: 5/5 levels left

rFire   + . .      SeeInvis +   Y - +0 hand axe (flame)
rCold   . . .      Faith    .   (no shield)
rNeg    . . .      Spirit   .   d - +0 leather armour
rPois   .          Reflect  .   (no helmet)
rElec   .          Harm     .   (no cloak)
rCorr   .          Rampage  .   (no gloves)
Will    .....                   (no boots)
Stlth   ++........              (no amulet)
HPRegen 0.11/turn               i - ring of see invisible
MPRegen 0.09/turn               (no ring)

@: fiery-armoured
A: thin skeletal structure 1, powered by pain 1, condensation shield
a: Renounce Religion, Fiery Armour, Foxfire Swarm, Rising Flame


You were on level 2 of the Dungeon.
You worshipped Ignis.
Ignis was greatly pleased with you.
You visited 1 branch of the dungeon, and saw 2 of its levels.

You collected 79 gold pieces.


Innate Abilities, Weirdness & Mutations

You have a somewhat thin skeletal structure. (Dex +2, Stealth+)
You sometimes gain a little power by taking damage.
A meltable shield of frost defends you. (SH +4)


   Skills:
 - Level 3.0 Fighting
 + Level 4.8 Axes
 - Level 1.0 Dodging
 - Level 1.0 Spellcasting
 - Level 2.6 Fire Magic


You had 5 spell levels left.
You didn't know any spells.
Your spell library contained the following spells:

 Spells                   Type           Power      Damage    Failure   Level
 Scorch                   Fire           18%        2d5       14%         2

Inventory:

Hand Weapons
 Y - a +0 hand axe of flaming (weapon)
Missiles
 h - a boomerang (quivered)
Armour
 d - a +0 leather armour (worn)
Jewellery
 i - a ring of see invisible (left hand)
Scrolls
 a - a scroll of vulnerability {unknown}
Potions
 e - a potion of heal wounds {unknown}
 k - a potion of curing {unknown}
 l - a potion of resistance
 n - a potion of magic {unknown}

Dungeon Overview and Level Annotations

Branches:
Dungeon (2/15)

Altars:


Message History

You kill the gnoll!
The gnoll barely misses you.
Things that are here:
a +0 flail; a gnoll corpse You hit the gnoll.
You burn the gnoll.
The gnoll is moderately wounded.
The gnoll hits you but does no damage.
The gnoll is burned by your cloak of flames.
The gnoll is severely wounded.
The gnoll hits you from afar with a +0 halberd.
You closely miss the gnoll.
The gnoll is severely wounded.
The gnoll hits you with a +0 whip!
The gnoll is burned by your cloak of flames.
The gnoll is almost dead.
The gnoll hits you from afar with a +0 halberd.
You hit the gnoll. You burn the gnoll.
You kill the gnoll!
You block the gnoll's attack. The gnoll misses you.
Things that are here:
a +0 whip; a gnoll corpse You closely miss the gnoll.
The gnoll closely misses you.
You hit the gnoll but do no damage. The gnoll hits you with a +0 halberd!
The gnoll is burned by your cloak of flames.
The gnoll is lightly wounded.
You hit the gnoll. You burn the gnoll.
The gnoll is moderately wounded.
You block the gnoll's attack.
You closely miss the gnoll.
The gnoll is moderately wounded.
The gnoll hits you with a +0 halberd.
The gnoll is burned by your cloak of flames.
The gnoll is almost dead.
You barely miss the gnoll.
The gnoll is almost dead.
The gnoll hits you with a +0 halberd.
You die...

#############
....$.g.....##
#@)....#
#.###..# #.#
#..# #.# #..#
#.# #..# ..#
#..# ### #..#
#..# #..#


You could see a gnoll.

Vanquished Creatures
  6 gnolls (D:2)
  2 adders (D:2)
  A worm (D:2)
  2 dart slugs (D:1)
  An endoplasm (D:1)
  A giant cockroach (D:1)
  2 goblins (D:1)
  4 hobgoblins (D:1)
  6 jackals (D:1)
  3 quokkas
  A ball python (D:1)
  2 bats
  2 frilled lizards (D:1)
  3 kobolds (D:1)
  6 rats
42 creatures vanquished.

Vanquished Creatures (others)
  2 plants (D:1)
2 creatures vanquished.

Grand Total: 44 creatures vanquished

Notes
Turn   | Place    | Note
-------+----------+-------------------------------------------
     0 | D:1      | qw the Demonspawn Cinder Acolyte began the quest for the
                  | Orb.
     0 | D:1      | Reached XP level 1. HP: 18/18 MP: 2/2
     0 | D:1      | 0 ||| qw: Version: 0.1-a-112-g44dc6cd
     0 | D:1      | 0 ||| qw: Game counter: 6740
     0 | D:1      | 0 ||| qw: Always use a shield: true
     0 | D:1      | 0 ||| qw: God list: Okawaru
     0 | D:1      | 0 ||| qw: Allow faded altars: false
     0 | D:1      | 0 ||| qw: Do Orc after D:15 true
     0 | D:1      | 0 ||| qw: Do second Lair branch before Depths: true
     0 | D:1      | 0 ||| qw: Lair rune preference: random
     0 | D:1      | 0 ||| qw: Plans: Normal
     0 | D:1      | 0 ||| PLANNING D:1-11
   263 | D:1      | Reached skill level 3 in Axes
   296 | D:1      | 296 ||| INVOKING Fiery Armour.
   306 | D:1      | Gained mutation: You have a somewhat thin skeletal
                  | structure. (Dex +2, Stealth+) [demonic ancestry]
   306 | D:1      | Reached XP level 2. HP: 12/24 MP: 3/3
   563 | D:1      | 563 ||| Stepping ~*~*~tactically~*~*~ (hiding).
   616 | D:1      | 616 ||| Stepping ~*~*~tactically~*~*~ (hiding).
   731 | D:1      | Reached skill level 1 in Dodging
   909 | D:1      | Found a faded altar of an unknown god.
  1145 | D:1      | 1145 ||| Stepping ~*~*~tactically~*~*~ (hiding).
  1251 | D:1      | Gained mutation: You sometimes gain a little power by
                  | taking damage. [demonic ancestry]
  1251 | D:1      | Reached XP level 3. HP: 19/29 MP: 4/4
  1255 | D:1      | 1255 ||| INVOKING Fiery Armour.
  1261 | D:1      | 1261 ||| Stepping ~*~*~tactically~*~*~ (stealth).
  1614 | D:1      | 1614 ||| UPGRADING to +0 leather armour.
  1624 | D:1      | 1624 ||| DROPPING +0 robe.
  1625 | D:1      | 1625 ||| UPGRADING to ring of see invisible.
  1626 | D:1      | 1626 ||| READING 3 scrolls labelled SOTUT CYBRAU.
  1627 | D:1      | 1627 ||| READING scroll labelled JAUZI WALAL.
  1628 | D:1      | 1628 ||| READING scroll labelled ESIGEOMACK.
  1629 | D:1      | 1629 ||| READING scroll labelled DEAHUJE ENKAMITOI.
  1630 | D:1      | 1630 ||| READING scroll labelled TEISIPT ATTAI.
  1631 | D:1      | 1631 ||| DRINKING 2 brown potions.
  1632 | D:1      | 1632 ||| DROPPING 2 scrolls of noise.
  1664 | D:2      | 1664 ||| Stepping ~*~*~tactically~*~*~ (hiding).
  1874 | D:2      | Reached skill level 4 in Axes
  1960 | D:2      | 1960 ||| INVOKING Fiery Armour.
  1966 | D:2      | Gained mutation: A meltable shield of frost defends you.
                  | (SH +4) [demonic ancestry]
  1966 | D:2      | Reached XP level 4. HP: 30/35 MP: 5/5
  2246 | D:2      | 2246 ||| INVOKING Fiery Armour.
  2256 | D:2      | HP: 6/35 [gnoll/+0 halberd (10)]
  2258 | D:2      | HP: 1/35 [gnoll/+0 halberd (6)]
  2259 | D:2      | Slain by a gnoll

Levels and vault maps discovered:
D:1:      dpeg_arrival_erosion, layout_rooms,
          dilly_ecumenical_altar_fadedgnrine, serial_forest,
          infiniplex_forest_straight_4, infiniplex_forest_zigzag_1,
          infiniplex_forest_end_double, infiniplex_forest_zigzag_1,
          infiniplex_forest_end_double, infiniplex_forest_lined_2,
          infiniplex_forest_end_3, infiniplex_forest_end_double,
          minmay_pentomino_s4
D:2:      layout_basic, serial_shops, nicolae_shop_statue_plus

Skill      XL: |  1  2  3 |
---------------+----------+-----
Axes           | 3 4 |  4.8
Dodging        | 1 |  1.0
Fighting       | |  3.0
Spellcasting   | |  1.0
Fire Magic     | |  2.6

Action                   |  1- 3 |  4- 6 || total
-------------------------+-------+-------++-------
Melee: Hand axe          |    84 |    21 ||   105
       Punch             |     1 |       ||     1
Throw: Boomerang         |    33 |     2 ||    35
Invok: Fiery Armour      |     3 |     1 ||     4
  Use: Scroll            |     5 |       ||     5
       Potion            |     1 |       ||     1
 Stab: Sleeping          |     1 |       ||     1
       Distracted        |     1 |       ||     1
Armor: Robe              |    13 |       ||    13
       Leather armour    |     8 |     4 ||    12
Dodge: Dodged            |    48 |    10 ||    58
Block: Other             |       |     5 ||     5

Table legend:
 A = Non-vault XP
 B = Vault XP
 C = Vault XP percentage of total XP
 D = Non-vault monster count
 E = Vault monster count
 F = Vault count percentage of total count
                 A         B        C        D         E       F
            +---------+---------+-------+---------+---------+-------
      Total |     161 |      12 |   6.9 |      36 |       6 |  14.3
            +---------+---------+-------+---------+---------+-------
        D:1 |      39 |      12 |  23.5 |      22 |       6 |  21.4
        D:2 |     122 |       0 |   0.0 |      14 |       0 |   0.0
            +---------+---------+-------+---------+---------+-------
